 Dungeon Crawl Stone Soup version 0.20.1-1-g8b1a95d (webtiles) character file.

81 HammerPanzer the Cudgeler (level 4, -5/52 HPs)
             Began as a Demonspawn Berserker on Oct 26, 2017.
             Was a Believer of Trog.
             Slain by a gnoll
             ... wielding a +0 spear
              (9 damage)
             ... on level 2 of the Dungeon.
             The game lasted 00:06:54 (1727 turns).

HammerPanzer the Cudgeler (Demonspawn Berserker)    Turns: 1727, Time: 00:06:54

Health: -5/52      AC: 10    Str: 23    XL:     4   Next: 19%
Magic:  0/4        EV: 12    Int:  9    God:    Trog [**....]
Gold:   99         SH:  0    Dex: 12    Spells: 3/3 levels left

rFire    . . .     SeeInvis .   j - +2 mace (protect)
rCold    . . .     Gourm    .   (no shield)
rNeg     . . .     Faith    .   m - +0 leather armour
rPois    .         Spirit   +   (no helmet)
rElec    .         Reflect  .   (no cloak)
rCorr    .         Harm     .   (no gloves)
MR       +....                  (no boots)
Stlth    ..........             (no amulet)
Regen    0.2/turn               i - ring of protection from magic
MPRegen  0.1/turn               (no ring)

@: berserking, protection aura, very quick
A: powered by death 1, magic shield
a: Berserk, Trog's Hand, Burn Spellbooks, Renounce Religion


You were on level 2 of the Dungeon.
You worshipped Trog.
Trog was pleased with you.
You were hungry.

You visited 1 branch of the dungeon, and saw 2 of its levels.

You collected 99 gold pieces.

Inventory:

Hand Weapons
 j - a +2 mace of protection (weapon)
Armour
 m - a +0 leather armour (worn)
Jewellery
 i - a ring of protection from magic (left hand)
Scrolls
 b - a scroll of noise {unknown}
 g - a scroll of fear {unknown}
 l - a scroll of amnesia {unknown}
 n - a scroll of identify {unknown}
Potions
 a - a potion of ambrosia {unknown}
 d - 2 potions of curing {unknown}
 e - a potion of lignification {unknown}
Comestibles
 c - 3 bread rations
 h - a royal jelly
 k - a meat ration


   Skills:
 - Level 3.0 Fighting
 + Level 4.6 Maces & Flails
 - Level 1.7 Armour
 - Level 1.7 Dodging


You had 3 spell levels left.
You didn't know any spells.

Dungeon Overview and Level Annotations

Branches:
Dungeon (2/15)

Altars:


Innate Abilities, Weirdness & Mutations

You regenerate a little health from kills.
When hurt, damage is shared between your health and your magic reserves.


Message History

The gnoll closely misses you.
You completely miss the gnoll.
The gnoll is moderately wounded.
The gnoll hits you but does no damage.
The gnoll hits you with a spear of freezing.
* * * LOW HITPOINT WARNING * * *
The gnoll freezes you.
* * * LOW HITPOINT WARNING * * *
The gnoll hits you but does no damage. The gnoll barely misses you.
The gnoll misses you.
A red film seems to cover your vision as you go berserk!
You feel yourself moving faster!
You feel mighty!
You are feeling hungry.
The gnoll hits you but does no damage.
The gnoll hits you with a spear of freezing.
* * * LOW HITPOINT WARNING * * *
The gnoll freezes you.
* * * LOW HITPOINT WARNING * * *
The gnoll hits you from afar with a spear!
You die...

.#.##.#
#......#
.#.##.#
#.######
.g...#
...##.####.#
..g..#
#..........#
.....##
...##.######
...... .#.##.#
....## .#.##.#
..... ....#.#
####g.#
....#.####
#.@ggr#
......(..#
#.###.#
.##...##.#
#.....#
......##.#
#.###.#
......##.#
####.#
.....>...#
#....#
.......#.#
#.####
.##+##.#.###.#
.##........<.#


You could see 3 gnolls and a rat.

Vanquished Creatures
  Robin (D:2)
  An adder (D:2)
  A dart slug (D:1)
  2 leopard geckos
  5 bats
  A giant cockroach (D:1)
  10 goblins
  11 hobgoblins
  7 jackals
  2 ball pythons (D:1)
  A frilled lizard (D:1)
  4 kobolds
  4 rats
50 creatures vanquished.

Notes
Turn   | Place    | Note
-------+----------+-------------------------------------------
     0 | D:1      | HammerPanzer the Demonspawn Berserker began the quest for the Orb.
     0 | D:1      | Reached XP level 1. HP: 18/18 MP: 1/1
   146 | D:1      | Reached skill level 3 in Maces & Flails
   358 | D:1      | Gained mutation: You regenerate a little health from kills. [demonic ancestry]
   358 | D:1      | Reached XP level 2. HP: 24/24 MP: 2/2
   800 | D:1      | Reached ** piety under Trog
  1021 | D:1      | Gained mutation: When hurt, damage is shared between your health and your magic reserves. [demonic ancestry]
  1021 | D:1      | Reached XP level 3. HP: 29/29 MP: 3/3
  1203 | D:2      | Noticed Robin
  1221 | D:2      | Reached skill level 4 in Maces & Flails
  1224 | D:2      | Killed Robin
  1375 | D:2      | Reached XP level 4. HP: 16/35 MP: 2/4
  1727 | D:2      | Slain by a gnoll

Skill      XL: |  1  2  3 |
---------------+----------+-----
Maces & Flails | 3 4 |  4.6
Fighting       | |  3.0
Armour         | |  1.7
Dodging        | |  1.7

Action                   |  1- 3 |  4- 6 || total
-------------------------+-------+-------++-------
Melee: Mace              |   112 |    24 ||   136
Invok: Berserk           |     2 |     1 ||     3
  Eat: Chunk             |     2 |     3 ||     5
Armor: Animal skin       |    30 |     1 ||    31
       Leather armour    |       |    12 ||    12
Dodge: Dodged            |    83 |    31 ||   114
